 Dungeon Crawl Stone Soup version bcrawl-1.40.3b (webtiles) character file.

Game seed: 509674755403213796

8959259 foxfromabyss the Unseen (level 21, -6/149 HPs)
             Began as a Kobold Berserker on Dec 7, 2023.
             Was a Believer of Makhleb.
             Mangled by a juggernaut (41 damage)
             ... created by the rage of Trog
             ... on level 1 of the Vaults.
             The game lasted 01:17:14 (44989 turns).

foxfromabyss the Unseen (Kobold Berserker)         Turns: 44989, Time: 01:17:15

Health: -6/149     AC: 25    Str: 16    XL:     21   Next: 80%
Magic:  42/42      EV: 24    Int: 11    God:    Makhleb [**....]
Gold:   1734       SH: 18    Dex: 23    Spells: 20/23 levels left

rFire    + + +     GDR:     40% a - +7 quick blade (drain)
rCold    + + .     SeeInvis .   q - +0 medium shield of Contentment {rN+ Regen+ MP+9} (curse)
rNeg     + + .     Gourm    .   c - +5 scale mail of Qikemnax {+Blink +Fly Str+4 Int+2, pickup}
rPois    +         Faith    .   F - +2 hat
rElec    .         Spirit   .   i - +3 cloak of the Pure Moons {rPois rC+ MR+ Dex-2}
rCorr    .         Reflect  +   (no gloves)
MR       ++...                  T - +2 pair of boots {run}
Stlth    ++++++++..             R - +3 amulet of reflection
HPRegen  0.74/turn              N - ring of Kusuc {+Inv rF++ rC+ rN+ Str-2}
MPRegen  0.28/turn              j - ring of protection from fire

@: flying, studying 2 skills, quick
A: small, talons 1, yellow scales 1, camouflage 1, carnivore, mutation
resistance 1, sense surroundings 2
}: 2/15 runes: serpentine, barnacled
a: Minor Destruction, Renounce Religion, Evoke Blink, Evoke Invisibility, Stop
Flying


You were on level 1 of the Vaults.
You worshipped Makhleb.
Makhleb was pleased with you.
You were completely stuffed.

You visited 8 branches of the dungeon, and saw 30 of its levels.
You visited the Abyss 1 time.
You also visited: Ice Cave.

You collected 3701 gold pieces.
You spent 1967 gold pieces at shops.

Inventory:

Hand Weapons
 a - a +7 quick blade of draining (weapon)
 b - a +7 hand crossbow of velocity
Missiles
 h - 7 throwing nets {=f}
 Q - 3436 bolts
Armour
 c - the +5 scale mail of Qikemnax (worn) {+Blink +Fly Str+4 Int+2, pickup}
   (You found it on level 6 of the Lair of Beasts)

   It affects your strength (+4).
   It affects your intelligence (+2).
   It lets you fly.
   It lets you blink.
 i - the +3 cloak of the Pure Moons (worn) {rPois rC+ MR+ Dex-2}
   (You found it in an ice cave)

   It affects your dexterity (-2).
   It protects you from cold.
   It protects you from poison.
   It affects your resistance to hostile enchantments.
 q - the cursed +0 medium shield of Contentment (worn) {rN+ Regen+ MP+9}
   (You took it off Donald on level 1 of the Elven Halls)

   It protects you from negative energy.
   It affects your magic capacity (+9).
   It increases your rate of regeneration.
   It has a curse placed upon it.
 y - a +0 pair of gloves
 F - a +2 hat (worn)
 T - a +2 pair of boots of running (worn)
Jewellery
 j - a ring of protection from fire (right hand)
 n - a +3 ring of slaying
 w - an uncursed ring of insulation
 N - the ring of Kusuc (left hand) {+Inv rF++ rC+ rN+ Str-2}
   (You bought it in a shop on level 1 of the Elven Halls)

   [ring of positive energy]

   It affects your strength (-2).
   It greatly protects you from fire.
   It protects you from cold.
   It protects you from negative energy.
   It lets you turn invisible.
 R - a +3 amulet of reflection (around neck)
 Y - the amulet "Onlarphu" {Regen rPois Str+6 SInv}
   (You took it off a deep elf annihilator on level 3 of the Elven Halls)

   [amulet of regeneration]

   It affects your strength (+6).
   It protects you from poison.
   It lets you see invisible.
Wands
 o - a wand of paralysis (13)
 z - a wand of polymorph (7)
 B - a wand of acid (47)
 C - a wand of iceblast (26)
 H - a wand of clouds (7)
 L - a wand of digging (25)
Scrolls
 d - 2 scrolls of revelation
 g - 5 scrolls of teleportation
 k - 7 scrolls of fog
 r - 19 scrolls of remove curse
 s - 8 scrolls of enchant armour
 u - 4 scrolls of fear
 x - 3 scrolls of enchant weapon
 A - a scroll of brand weapon
 E - 3 scrolls of immolation
 G - 2 scrolls of summoning
 U - 4 scrolls of blinking
Potions
 f - 9 potions of curing
 m - 2 potions of agility
 p - 4 potions of heal wounds
 t - 2 potions of might
 D - 5 potions of brilliance
 I - 2 potions of resistance
 J - 2 potions of lignification
 K - a potion of cancellation
 O - 3 potions of mutation
 S - a potion of berserk rage
 W - a potion of invisibility
Miscellaneous
 l - a lamp of fire
 v - 2 phantom mirrors
 M - a fan of gales (2/2)
 P - a lightning rod (4/4)
 X - a sack of spiders
Comestibles
 e - 51 rations {!d}
 V - 33 chunks of flesh


   Skills:
 - Level 14.5 Fighting
 - Level 17.6 Short Blades
 - Level 16.0 Crossbows
 - Level 10.0 Armour
 - Level 15.6 Dodging
 - Level 20.0 Stealth
 - Level 16.2 Shields
 + Level 1.5 Spellcasting
 + Level 1.8 Translocations
 + Level 5.2 Invocations
 - Level 16.0 Evocations


You had 20 spell levels left.
You knew the following spells:

 Your Spells              Type           Power        Failure   Level  Hunger
a - Portal Projectile     Tloc           #.....       100%        3    #####..

Your spell library contained the following spells:

 Spells                   Type           Power        Failure   Level  Hunger
 Throw Frost              Conj/Ice       #.....       95%         2    ###....
 Flame Tongue             Conj/Fire      #....        99%         1    None
 Infusion                 Chrm           #.......     99%         1    None
 Magic Dart               Conj           #...         99%         1    None
 Sandblast                Erth           #.....       99%         1    None
 Sting                    Conj/Pois      #...         99%         1    None
 Summon Small Mammal      Summ           #...         99%         1    None
 Call Imp                 Summ           #.....       100%        2    ###....
 Corpse Rot               Necr           N/A          100%        2    ###....
 Flaming Arrows           Chrm/Fire      #.......     100%        2    ###....
 Passwall                 Tmut/Erth      #.......     100%        2    ###....
 Poisonous Vapours        Pois/Air       #.....       100%        2    ###....
 Searing Ray              Conj           #.......     100%        2    ###....
 Song of Slaying          Chrm           #.......     100%        2    ###....
 Swiftness                Chrm/Air       #.......     100%        2    ###....
 Beckoning                Tloc           #.........   100%        3    #####..
 Call Canine Familiar     Summ           #.......     100%        3    #####..
 Conjure Flame            Conj/Fire      #.......     100%        3    #####..
 Ignite Poison            Fire/Tmut/Pois #.......     100%        3    #####..
 Inner Flame              Hex/Fire       N/A          100%        3    #####..
 Iskenderun's Mystic Bla  Conj           #.......     100%        3    #####..
 Ozocubu's Armour         Chrm/Ice       #.......     100%        3    #####..
 Regeneration             Chrm/Necr      #.........   100%        3    #####..
 Spectral Weapon          Hex/Chrm       #.......     100%        3    #####..
 Stone Arrow              Conj/Erth      #.....       100%        3    #####..
 Vampiric Draining        Necr           #.........   100%        3    #####..
 Force Lance              Tloc           #.......     100%        4    ######.
 Fulminant Prism          Conj/Hex       #.........   100%        4    ######.
 Olgreb's Toxic Radiance  Pois           #........    100%        4    ######.
 Petrify                  Tmut/Erth      #.........   100%        4    ######.
 Sticky Flame             Conj/Fire      #.......     100%        4    ######.
 Summon Ice Beast         Ice/Summ       #.......     100%        4    ######.
 Summon Scorpions         Summ/Pois      #.......     100%        4    ######.
 Throw Icicle             Conj/Ice       #.......     100%        4    ######.
 Tree Form                Hex/Tmut       N/A          100%        4    ######.
 Bolt of Magma            Conj/Fire/Erth #.........   100%        5    #######
 Fireball                 Conj/Fire      #.........   100%        5    #######
 Freezing Cloud           Ice/Air        #.......     100%        5    #######
 Irradiate                Conj/Tmut      #.........   100%        5    #######
 Lee's Rapid Deconstruct  Erth           #.........   100%        5    #######
 Metabolic Englaciation   Hex/Ice        #.........   100%        5    #######
 Steam Barrier            Chrm/Fire      #.........   100%        5    #######
 Summon Lightning Spire   Summ/Air       #.......     100%        5    #######
 Venom Bolt               Conj/Pois      #.........   100%        5    #######
 Aura of Abjuration       Summ           #.........   100%        6    #######
 Bolt of Cold             Conj/Ice       #.........   100%        6    #######
 Bolt of Fire             Conj/Fire      #.........   100%        6    #######
 Dispersal                Tloc           #.........   100%        6    #######
 Infestation              Hex/Tmut/Pois  #........    100%        6    #######
 Ozocubu's Refrigeration  Ice            #.........   100%        6    #######
 Simulacrum               Ice/Necr       #.......     100%        6    #######
 Statue Form              Tmut/Erth      #........    100%        6    #######
 Controlled Blink         Tloc           #.......     100%        7    #######
 Discord                  Hex            #.........   100%        7    #######
 Dragon Form              Tmut           #......      100%        7    #######
 Mana Rupture             Conj/Hex       #.........   100%        7    #######
 Orb of Destruction       Conj           #.........   100%        7    #######
 Summon Fire Elementals   Fire/Summ      #........    100%        7    #######
 Ignition                 Hex/Fire       #.........   100%        8    #######
 Necromutation            Tmut/Necr      #.......     100%        8    #######


Dungeon Overview and Level Annotations

Branches:
Dungeon (12/12)            Temple (1/1) D:5            Lair (6/6) D:7
 Shoals (3/3) Lair:3        Snake (3/3) Lair:2        Slime (0/5) Orc
    Orc (1/1) D:9             Elf (3/3) Lair:6       Vaults (1/3) D:12
 Depths (0/5) D:12
  Crypt: Vaults:1-2

Altars:
Ashenzari
Cheibriados
Dithmenos
Elyvilon
Fedhas
Gozag
Hepliaklqana
Kikubaaqudgha
Lugonu
Makhleb
Nemelex Xobeh
Okawaru
Qazlal
Ru
Sif Muna
Trog
Uskayaw
Vehumet
Wu Jian
Xom
Yredelemnul
Zin
The Shining One
Jiyva

Shops:
D:6 !   D:7 %   D:10 *(!%*   Orc ([[[[   Elf:1 ==}   Elf:2 *   Elf:3 %
Snake:3 ?

Portals:
Abyss: Lair:6

Annotations:
D:8 Mrkan's ghost, novice TrHu
Lair:3 3 runed translucent doors, polpettosauro's ghost, journeyman GnCK Orc 1 runed door
Elf:1 1 runed door


Innate Abilities, Weirdness & Mutations

You are small and have problems with some larger weapons.
You have sharp toenails.
You are carnivorous and can eat meat at any time.
You are somewhat resistant to further mutation.
You passively map the area around you.
You are partially covered in yellow scales. (AC +2)
Your skin changes colour to match your surroundings (Stealth+).


Message History

The black bear completely misses you.
There is an open door here.
A slime creature comes into view.
You hear a shout!
The deep troll earth mage points next to you and mumbles some strange words.
The wall shatters!
The blast of rock fragments hits you!
* * * LOW HITPOINT WARNING * * *
The slime creature quivers.
You hear a shout! x2
You block the juggernaut's attack. x2
You hear two shouts!
You hear two shouts!
You hear a horrible gurgling sound!
The juggernaut rages.
You hear two shouts!
You block the juggernaut's attack.
The juggernaut hits you but does no damage.
You hear two shouts!
You hear two shouts!
You block the juggernaut's attack. The juggernaut hits you!!!
You die...

#################################
..........^......................
................@................
####...........C#################
...#............#............#..#
...#...........T#............#...
...#............#..#*#..#*#..##..
...#...........J#..###..###.)###.
...#............#..##....##))'...
...#............#..........))#...
#### , %.......'...........)####


You could see a juggernaut (berserk), an iron troll (berserk) and a slime
creature.

Vanquished Creatures
  A juggernaut (Shoals:3)
  A bone dragon (Abyss:1)
  2 deep elf blademasters (Elf:3)
  An Ice Fiend (IceCv)
  A kraken (Shoals:1)
  2 deep elf master archers (Elf:3)
  A tentacled starspawn (Abyss:1)
  Agnes (Snake:3)
  15 nagarajas
  Donald (Elf:1)
  2 orc warlords
  Louise (Snake:2)
  A cacodemon (Abyss:1)
  3 deep elf sorcerers (Elf:3)
  4 deep elf elementalists (Elf:3)
  Aizul (Elf:3)
  10 deep elf demonologists (Elf:3)
  5 deep elf annihilators
  2 merfolk javelineers (Shoals:3)
  An ettin (Shoals:3)
  12 deep elf death magi
  7 merfolk impalers
  2 yaktaur captains (Vaults:1)
  Azrael (Elf:1)
  Urug (Lair:6)
  2 deep elf high priests (Elf:3)
  8 vault guards (D:12)
  24 naga warriors
  2 ogre magi (D:12)
  A great orb of eyes (Abyss:1)
  7 hydras
  3 merfolk avatars
  5 anacondas
  A two-headed ogre (shapeshifter) (Elf:1)
  17 two-headed ogres
  28 dancing weapons
  3 alligator snapping turtles
  An alligator (Shoals:3)
  6 satyrs
  A merfolk aquamancer (Shoals:3)
  5 death yaks (Lair:6)
  2 tengu warriors (D:11)
  A hell hog (Abyss:1)
  15 naga sharpshooters
  4 thrashing horrors
  3 shock serpents
  10 sea snakes
  13 deep elf knights
  A goliath frog (Lair:5)
  A spatial maelstrom (Abyss:1)
  2 sixfirhies (Abyss:1)
  3 iron trolls (Shoals:3)
  A fire crab (Shoals:1)
  A salamander mystic (Snake:2)
  An unseen horror (D:12)
  6 deep elf archers
  4 naga ritualists
  A wolf spider zombie (D:12)
  5 cyclopes
  A wolf spider (D:11)
  4 harpies
  3 mana vipers (Snake:1)
  A wizard (Abyss:1)
  2 oklob plants (D:11)
  45 deep elf magi
  An orc knight (Orc)
  An ironheart convoker (Vaults:1)
  13 naga magi
  9 manticores
  4 ugly things
  An apocalypse crab (Abyss:1)
  3 salamanders
  A moth of wrath (shapeshifter) (D:12)
  An orc sorcerer (Orc)
  23 fauns
  7 elephants
  4 guardian serpents
  23 black mambas
  6 merfolk sirens
  2 ice statues (IceCv)
  6 smoke demons
  A torpor snail (Lair:5)
  9 cane toads
  A gargoyle (D:7)
  6 water nymphs
  A cane toad (shapeshifter) (Elf:3)
  3 rime drakes
  5 yaktaurs (Vaults:1)
  An orange demon (Abyss:1)
  6 komodo dragons
  An eye of draining (D:11)
  A tormentor (Abyss:1)
  2 anaconda simulacra (IceCv)
  An efreet (D:12)
  A komodo dragon (shapeshifter) (D:11)
  Maurice (D:8)
  A merfolk (shapeshifter) (Lair:6)
  A queen bee (Lair:1)
  13 ice devils (IceCv)
  A troll (shapeshifter) (Elf:2)
  6 freezing wraiths
  3 ancient zymes
  A polar bear (shapeshifter) (D:12)
  A meliai (D:7)
  11 trolls
  A polar bear (Lair:6)
  A harpy zombie (D:12)
  4 large abominations (Abyss:1)
  2 wind drakes (Shoals:1)
  A harpy skeleton (D:11)
  2 slime creatures (D:12)
  A raiju (shapeshifter) (D:11)
  4 snapping turtles
  22 merfolk
  18 blink frogs
  12 hippogriffs
  10 dream sheep
  2 wraiths
  3 spriggans
  A vampire (D:9)
  7 water elementals
  A shadow (D:12)
  4 starcursed masses (Abyss:1)
  2 air elementals
  3 ynoxinuls
  A black mamba skeleton (D:10)
  2 dire elephant simulacra (IceCv)
  2 wyverns
  A steam dragon (D:10)
  28 yaks
  7 fire elementals
  A hungry ghost (D:7)
  6 basilisks
  A neqoxec (Abyss:1)
  A vampire mosquito (D:12)
  3 chaos spawn (Lair:6)
  51 nagas
  A harpy simulacrum (IceCv)
  An iron troll simulacrum (IceCv)
  4 wargs
  6 water moccasins
  6 hell hounds
  17 crocodiles
  3 hydra simulacra (IceCv)
  2 hornet zombies
  3 ice beasts (Elf:1)
  8 porcupines
  A soldier ant (D:10)
  A black bear (D:10)
  5 sky beasts
  25 orc warriors
  2 phantoms
  13 small abominations
  An ettin simulacrum (IceCv)
  6 wolves
  9 ogres
  12 bullfrogs
  2 kobold brigands
  4 earth elementals (Elf:1)
  A wyvern zombie (D:8)
  7 centaurs
  4 scorpions
  A wyvern skeleton (D:7)
  2 water moccasin zombies
  28 killer bees
  2 electric eels
  7 howler monkeys
  19 orc priests
  5 crimson imps
  A quasit (D:7)
  2 hounds
  2 jellies
  2 bullfrog skeletons
  A gnoll shaman (Orc)
  26 orc wizards
  4 iron imps (Abyss:1)
  3 iguanas
  Natasha (thrice) (D:4)
  11 worker ants
  A hound zombie (D:4)
  A hound skeleton (D:8)
  A howler monkey zombie (D:9)
  A howler monkey skeleton (D:6)
  3 gnolls (Orc)
  7 adders
  3 shadow imps
  A white imp (Abyss:1)
  3 oozes (D:1)
  An adder zombie (D:5)
  4 adder skeletons
  3 worms
  2 dart slugs (D:1)
  5 leopard geckos
  101 orcs
  2 giant cockroaches (D:3)
  4 goblins
  5 hobgoblins
  12 kobolds
  2 quokkas
  A ball python (D:2)
  6 bats
  2 frilled lizards
  3 quokka skeletons
  8 rats
  A butterfly (D:5)
  A lurking horror (Abyss:1)
  A plant (Shoals:3)
  A tentacle (Shoals:1)
1160 creatures vanquished.

Vanquished Creatures (collateral kills)
  A nagaraja (Snake:3)
  2 nagas (Snake:3)
3 creatures vanquished.

Vanquished Creatures (others)
  Vashnia (Snake:2)
  2 merfolk javelineers (Shoals:3)
  8 naga sharpshooters
  2 deep elf archers
  2 fauns
  A salamander (Snake:2)
  A manticore (Shoals:2)
  A water nymph (Shoals:3)
  4 merfolk
  2 nagas
  An orc warrior (Orc)
  3 centaurs
  An orc (Orc)
  A bush (Lair:6)
  8 fungi
  70 plants
  4 starspawn tentacles (Abyss:1)
  4 tentacles (Shoals:1)
116 creatures vanquished.

Grand Total: 1279 creatures vanquished

Notes
Turn   | Place    | Note
-------+----------+-------------------------------------------
     0 | D:1      | foxfromabyss the Kobold Berserker began the quest for the
                  | Orb.
     0 | D:1      | Reached XP level 1. HP: 16/16 MP: 1/1
    49 | D:1      | Reached XP level 2. HP: 21/21 MP: 2/2
   123 | D:1      | Reached XP level 3. HP: 24/26 MP: 3/3
   421 | D:1      | Reached ** piety under Trog
   625 | D:2      | Reached XP level 4. HP: 33/33 MP: 4/4
   955 | D:2      | Found an iron altar of Okawaru.
  1387 | D:3      | Reached XP level 5. HP: 20/37 MP: 5/5
  1400 | D:3      | Reached skill level 5 in Short Blades
  1646 | D:3      | Reached skill level 5 in Dodging
  1646 | D:3      | Reached XP level 6. HP: 44/44 MP: 6/6
  1843 | D:3      | Reached *** piety under Trog
  2481 | D:4      | Reached XP level 7. HP: 49/49 MP: 7/7
  2585 | D:4      | Noticed Natasha
  2637 | D:4      | Killed Natasha
  3080 | D:4      | Noticed Natasha
  3098 | D:4      | Killed Natasha
  3122 | D:4      | Noticed Natasha
  3125 | D:4      | Killed Natasha
  3352 | D:5      | Entered Level 5 of the Dungeon
  3505 | D:5      | Reached XP level 8. HP: 51/54 MP: 8/8
  3566 | D:5      | Noticed a two-headed ogre
  3582 | D:5      | Killed a two-headed ogre
  3583 | D:5      | Reached XP level 9. HP: 59/59 MP: 9/9
  3638 | D:5      | Found a staircase to the Ecumenical Temple.
  3752 | D:5      | Reached skill level 5 in Fighting
  3844 | D:5      | Got a buzzing spear
  4174 | D:6      | Reached **** piety under Trog
  4240 | D:6      | Noticed a troll
  4255 | D:6      | Killed a troll
  4299 | D:6      | Found a transporter.
  4314 | D:6      | Noticed a two-headed ogre
  4335 | D:6      | Found a transporter.
  4337 | D:6      | Found a corrupted altar of Lugonu.
  4337 | D:6      | Found a sparkling altar of Nemelex Xobeh.
  4346 | D:6      | Killed a two-headed ogre
  4347 | D:6      | Reached skill level 5 in Armour
  4407 | D:6      | Reached XP level 10. HP: 69/69 MP: 10/10
  4866 | D:6      | Found Ruptum's Distillery.
  5457 | D:7      | Noticed a gargoyle
  5470 | D:7      | Killed a gargoyle
  5641 | D:7      | Found Fats's Food Shop.
  5946 | D:7      | Found a staircase to the Lair.
  5993 | D:7      | Reached XP level 11. HP: 78/78 MP: 11/11
  6042 | D:7      | Reached ***** piety under Trog
  6044 | D:7      | Received a gift from Trog
  6296 | D:7      | Reached skill level 10 in Dodging
  6533 | Lair:1   | Entered Level 1 of the Lair of Beasts
  6974 | Lair:1   | Reached skill level 10 in Fighting
  6980 | Lair:1   | Got a masterwork leather armour
  6991 | Lair:1   | Identified the +3 leather armour "Oqyipiojoa" {rC+ Str+6}
                  | (You found it on level 1 of the Lair of Beasts)
  7895 | Lair:2   | Found a staircase to the Snake Pit.
  7923 | Lair:2   | Reached XP level 12. HP: 84/88 MP: 12/12
  7940 | Lair:2   | Got a brightly glowing wooden ring
  8424 | Lair:3   | Reached skill level 1 in Shields
  8753 | Lair:3   | Identified the ring "Jiunapp" {Fire rN+ Str+4 Int-5} (You
                  | found it on level 2 of the Lair of Beasts)
  8810 | Lair:3   | Found a runed translucent gate.
  8810 | Lair:3   | Found a runed translucent gate.
  8810 | Lair:3   | Found a runed translucent gate.
  8864 | Lair:3   | Noticed a four-headed hydra
  8871 | Lair:3   | Killed a four-headed hydra
  8954 | Lair:3   | Found a staircase to the Shoals.
  8983 | Lair:3   | Reached skill level 10 in Armour
  9202 | Lair:3   | Reached skill level 5 in Shields
  9452 | Lair:3   | Noticed polpettosauro's ghost (journeyman GnCK)
  9933 | Lair:4   | Received a gift from Trog
 10295 | Lair:5   | Reached XP level 13. HP: 95/95 MP: 13/13
 10304 | Lair:5   | Noticed a four-headed hydra
 10357 | Lair:5   | Killed a four-headed hydra
 10456 | Lair:5   | Noticed a six-headed hydra
 10468 | Lair:5   | Killed a six-headed hydra
 10469 | Lair:5   | Reached skill level 10 in Shields
 10469 | Lair:5   | Reached skill level 1 in Stealth
 10469 | Lair:5   | Reached skill level 1 in Evocations
 10502 | Lair:5   | Noticed a four-headed hydra
 10507 | Lair:5   | Reached skill level 2 in Stealth
 10515 | Lair:5   | Reached skill level 3 in Stealth
 10520 | Lair:5   | Killed a four-headed hydra
 10521 | Lair:5   | Reached skill level 4 in Stealth
 10668 | Lair:5   | Noticed a six-headed hydra
 10681 | Lair:5   | Killed a six-headed hydra
 10682 | Lair:5   | Reached skill level 5 in Stealth
 10946 | Lair:5   | Reached skill level 6 in Stealth
 10946 | Lair:5   | Reached skill level 5 in Evocations
 11452 | Lair:6   | Entered Level 6 of the Lair of Beasts
 11520 | Lair:6   | Noticed a seven-headed hydra
 11540 | Lair:6   | Killed a seven-headed hydra
 11541 | Lair:6   | Reached skill level 7 in Stealth
 11900 | Lair:6   | Noticed Urug
 11921 | Lair:6   | Killed Urug
 12082 | Lair:6   | Reached skill level 8 in Stealth
 12129 | Lair:6   | Reached XP level 14. HP: 54/101 MP: 19/19
 12476 | Lair:6   | Found a staircase to the Elven Halls.
 12583 | Lair:6   | Reached skill level 9 in Stealth
 12978 | Lair:6   | Reached skill level 10 in Stealth
 13025 | Lair:6   | Identified Duept's Compendium of Flamy Clay
 13269 | Lair:6   | Identified the +11 rapier "Vidye" {distort, +Fly Str-5
                  | Dex+7}
 13429 | Lair:6   | Found a corrupted altar of Lugonu.
 13429 | Lair:6   | Found a one-way gate to the infinite horrors of the Abyss.
 13512 | Lair:6   | Got a warped scale mail {pickup}
 13602 | Lair:6   | Identified the +5 scale mail of Qikemnax {+Blink +Fly Str+4
                  | Int+2, pickup} (You found it on level 6 of the Lair of
                  | Beasts)
 13873 | D:8      | Received a gift from Trog
 13881 | D:8      | Got an iridescent quarterstaff {god gift}
 14069 | D:8      | Found a corrupted altar of Lugonu.
 14148 | D:8      | Reached skill level 11 in Stealth
 14217 | D:8      | Found a runed translucent gate.
 14218 | D:8      | Found a runed translucent gate.
 14220 | D:8      | Found a runed translucent gate.
 14235 | D:8      | Noticed Mrkan's ghost (novice TrHu)
 14273 | D:8      | Noticed Maurice
 14279 | D:8      | Killed Maurice
 14469 | D:9      | Found a staircase to the Orcish Mines.
 14800 | D:9      | Found a sacrificial altar of Ru.
 15280 | Orc      | Entered the Orcish Mines
 15582 | Orc      | Found a roughly hewn altar of Beogh.
 15649 | Orc      | Found Qiwadgh's Armour Emporium.
 15678 | Orc      | Found a roughly hewn altar of Beogh.
 15736 | Orc      | Found a runed door.
 15736 | Orc      | Found a viscous altar of Jiyva.
 15752 | Orc      | Found a staircase to the Slime Pits.
 15752 | Orc      | Noticed an azure jelly
 15752 | Orc      | Noticed an azure jelly
 15752 | Orc      | Noticed an azure jelly
 15823 | Orc      | Found a roughly hewn altar of Beogh.
 15876 | Orc      | Found a roughly hewn altar of Beogh.
 15877 | Orc      | Found Newavia's Armour Boutique.
 15888 | Orc      | Received a gift from Trog
 16014 | Orc      | Noticed an orc warlord
 16140 | Orc      | Killed an orc warlord
 16141 | Orc      | Reached skill level 10 in Evocations
 16348 | Orc      | Found Gereger's Antique Armour Shop.
 16349 | Orc      | Found a roughly hewn altar of Beogh.
 16350 | Orc      | Found Samyq's Antique Weapon Boutique.
 16366 | Orc      | Bought a crude ring mail for 243 gold pieces
 16404 | Orc      | Found a roughly hewn altar of Beogh.
 16445 | Orc      | Found a roughly hewn altar of Beogh.
 16469 | Orc      | Found Jacouz's Antique Armour Boutique.
 16493 | Orc      | Identified the cursed +1 ring mail "Boco" {rF+ rN+ Dex+3}
                  | (You bought it in a shop in the Orcish Mines)
 16493 | Orc      | Bought a shimmering scale mail for 270 gold pieces
 16504 | Orc      | Identified the +1 scale mail of the Five Deaths {*Corrode
                  | rElec Str-5 SInv} (You bought it in a shop in the Orcish
                  | Mines)
 16733 | D:10     | Entered Level 10 of the Dungeon
 16780 | D:10     | Found Inucwu's Assorted Antiques.
 16878 | D:10     | Reached XP level 15. HP: 106/106 MP: 22/22
 16881 | D:10     | Reached skill level 12 in Stealth
 16906 | D:10     | Found Lenaygie's Antique Weapon Shoppe.
 16987 | D:10     | Found Icri's Distillery.
 17083 | D:10     | Found Zefesch's Food Boutique.
 17215 | D:10     | Found Dycva's Assorted Antiques.
 17410 | D:11     | Received a gift from Trog
 17597 | D:11     | Found a blossoming altar of Fedhas.
 17810 | D:11     | Reached ****** piety under Trog
 18602 | D:12     | Entered Level 12 of the Dungeon
 18906 | D:12     | Received a gift from Trog
 19069 | D:12     | Reached skill level 13 in Stealth
 19516 | D:12     | Got a slimy short sword {god gift}
 19682 | D:12     | Found a gate to the Vaults.
 19759 | D:12     | Found a staircase to the Depths.
 19762 | D:12     | Paralysed by a floating eye for 2 turns
 20042 | D:12     | Reached XP level 16. HP: 112/112 MP: 24/24
 20621 | Snake:1  | Entered Level 1 of the Snake Pit
 20624 | Snake:1  | Reached skill level 14 in Stealth
 21085 | Snake:1  | Reached skill level 15 in Stealth
 21450 | Snake:2  | Received a gift from Trog
 21460 | Snake:2  | Noticed Vashnia
 21539 | Snake:2  | HP: 5/112 [naga sharpshooter/bolt[Vashnia] (19)]
 21546 | Snake:2  | HP: 3/112 [black mamba (9)]
 21788 | Snake:2  | Noticed Louise
 21790 | Snake:2  | Killed Louise
 21898 | Snake:2  | Reached skill level 16 in Stealth
 21898 | Snake:2  | Reached skill level 15 in Shields
 22228 | Snake:2  | Noticed a nagaraja
 22240 | Snake:2  | Killed a nagaraja
 22275 | Snake:2  | Killed Vashnia
 22276 | Snake:2  | Reached XP level 17. HP: 83/117 MP: 26/26
 22807 | Snake:3  | Entered Level 3 of the Snake Pit
 23244 | Snake:3  | Found Waoddu's Magic Scroll Shop.
 23775 | Snake:3  | Received a gift from Trog
 24407 | Snake:3  | Noticed Agnes
 24539 | Snake:3  | Reached skill level 15 in Short Blades
 25818 | Snake:3  | Reached XP level 18. HP: 88/127 MP: 27/27
 26427 | Snake:3  | Received a gift from Trog
 26564 | Snake:3  | Got a serpentine rune of Zot
 26705 | Snake:3  | Killed Agnes
 26839 | Lair:1   | Identified the +11 short sword "Luatt" {freeze, -Tele +Rage
                  | rF++ Dex-5} (Trog gifted it to you on level 12 of the
                  | Dungeon)
 26839 | Lair:1   | Identified the +12 quarterstaff of Veogu {venom, rC+ MR+
                  | Str+5} (Trog gifted it to you on level 8 of the Dungeon)
 26839 | Lair:1   | Identified the +7 spear "Milex" {speed, rC- Int+3 Dex+2}
                  | (You found it on level 5 of the Dungeon)
 26900 | Lair:1   | Gained mutation: Armour fits poorly on your strangely
                  | shaped body. [mutagenic glow]
 26901 | Lair:1   | Lost mutation: Armour fits poorly on your strangely shaped
                  | body. [potion of mutation]
 26901 | Lair:1   | Gained mutation: You are partially covered in yellow
                  | scales. (AC +2) [potion of mutation]
 26901 | Lair:1   | Gained mutation: Your skin changes colour to match your
                  | surroundings (Stealth+). [potion of mutation]
 27177 | Elf:1    | Entered Level 1 of the Elven Halls
 27177 | Elf:1    | Found a runed gate.
 27177 | Elf:1    | Found a runed gate.
 27177 | Elf:1    | Found a runed gate.
 27177 | Elf:1    | Found a runed gate.
 27177 | Elf:1    | Found a runed gate.
 27177 | Elf:1    | Found a runed gate.
 27180 | Elf:1    | Found a runed door.
 27190 | Elf:1    | Found a runed door.
 27370 | Elf:1    | Noticed Azrael
 27373 | Elf:1    | Killed Azrael
 27739 | Elf:1    | Found a frozen archway.
 27752 | IceCv    | Entered an ice cave
 28254 | IceCv    | Received a gift from Trog
 28392 | IceCv    | Noticed an Ice Fiend
 28406 | IceCv    | Killed an Ice Fiend
 28407 | IceCv    | Reached skill level 15 in Dodging
 28414 | IceCv    | Identified a +2 pair of boots of running
 28416 | IceCv    | Identified the +3 cloak of the Pure Moons {rPois rC+ MR+
                  | Dex-2}
 28421 | IceCv    | Identified a scroll of acquirement
 28548 | Elf:1    | Identified the cursed +0 medium shield of Contentment {rN+
                  | Regen+ MP+9}
 28548 | Elf:1    | Noticed Donald
 28584 | Elf:1    | Killed Donald
 28831 | Elf:1    | Identified the cursed ring of Kuethashru {rElec Stlth--}
 29091 | Elf:1    | HP: 5/131 [+4 battleaxe of flaming (3)]
 29124 | Elf:1    | Reached XP level 19. HP: 78/136 MP: 28/28
 29234 | Elf:1    | Found Juarux's Gadget Emporium.
 29234 | Elf:1    | Found Taasho's Jewellery Shop.
 29236 | Elf:1    | Found Doakey Ojutz's Jewellery Shop.
 29252 | Elf:1    | Bought the ring of Kusuc {+Inv rF++ rC+ rN+ Str-2} for 814
                  | gold pieces
 29256 | Elf:1    | Bought a lightning rod (4/4) for 640 gold pieces
 29936 | Elf:1    | Identified the +2 arbalest of Fehah {freeze, MR+ Dex+2}
 30462 | Elf:2    | Received a gift from Trog
 31572 | Snake:3  | Reached skill level 1 in Crossbows
 33184 | Elf:2    | Found a runed gate.
 33184 | Elf:2    | Found a runed gate.
 33186 | Elf:2    | Found a runed gate.
 33190 | Elf:2    | Found Amoriwno's General Store.
 33625 | Elf:2    | Reached skill level 5 in Crossbows
 34003 | Elf:2    | Received a gift from Trog
 34433 | Lair:1   | Identified the amulet "Udenuic" {Faith rElec Str+3} (You
                  | acquired it on level 1 of the Lair of Beasts)
 34609 | Elf:3    | Entered Level 3 of the Elven Halls
 34684 | Elf:3    | Noticed Aizul
 34690 | Elf:3    | Killed Aizul
 34731 | Elf:3    | Noticed a deep elf blademaster
 34755 | Elf:3    | Noticed an Ice Fiend
 34833 | Elf:3    | Identified the +4 chain mail of Summer {+Inv +Fly Int-2
                  | Slay+3}
 34833 | Elf:3    | Noticed a deep elf blademaster
 34949 | Elf:3    | Reached skill level 10 in Crossbows
 35150 | Elf:3    | Identified the +2 leather armour of Yzxuitob {Stlth+}
 35154 | Elf:3    | Identified the +4 halberd of Disintegration {chop, rElec
                  | rF+ MP+9 Dex-3}
 35154 | Elf:3    | Identified the amulet "Onlarphu" {Regen rPois Str+6 SInv}
 35342 | Elf:3    | Found Etoman's Food Emporium.
 35389 | Elf:3    | Killed a deep elf blademaster
 35390 | Elf:3    | Reached XP level 20. HP: 137/144 MP: 29/29
 35651 | Elf:3    | Identified the +10 hand axe "Exefingi" {chop, rC+ Dex+4}
 35701 | Elf:3    | HP: 7/144 [balrug/+2 demon blade of venom[a deep elf
                  | demonologist] (27)]
 35701 | Elf:3    | HP: 3/144 [balrug/+2 demon blade of venom[a deep elf
                  | demonologist] (4)]
 36047 | Elf:3    | Identified the +4 scimitar of the Black Skies {holy, rElec}
 36299 | Elf:3    | Identified the +2 dagger "Bakec" {pierce, rElec rF+ rC+
                  | Stlth+}
 36331 | Elf:3    | Received a gift from Trog
 36481 | Elf:3    | Noticed a Shadow Fiend
 36572 | Elf:3    | Identified the Incunabulum of the Unholy Blaze
 36718 | Elf:3    | Cast into level 1 of the Abyss (a deep elf sorcerer)
 36890 | Abyss:1  | Found a corrupted altar of Lugonu.
 37075 | Abyss:1  | Paralysed by accursed screaming for 1 turns
 37186 | Abyss:1  | Found a corrupted altar of Lugonu.
 37239 | Abyss:1  | Noticed a bone dragon
 37308 | Abyss:1  | Killed a bone dragon
 37382 | Abyss:1  | Reached skill level 15 in Crossbows
 37708 | Elf:3    | Escaped the Abyss
 37927 | Elf:3    | Noticed a Hell Sentinel
 38463 | Lair:1   | Identified the +0 hat "Caweubireh" {*Slow rPois Regen+}
                  | (You acquired it on level 1 of the Lair of Beasts)
 38558 | Shoals:1 | Entered Level 1 of the Shoals
 38584 | Shoals:1 | Received a gift from Trog
 38669 | Shoals:1 | Identified the +4 scale mail of Ferocious Curiosity {rElec
                  | rF+ Int+3 Dex+4}
 39154 | Shoals:1 | Reached XP level 21. HP: 65/149 MP: 30/30
 39160 | Shoals:1 | Reached skill level 17 in Stealth
 40049 | Shoals:2 | Received a gift from Trog
 40055 | Shoals:2 | Reached skill level 18 in Stealth
 40259 | Shoals:2 | Found a shimmering blue altar of Sif Muna.
 40618 | Temple   | Entered the Ecumenical Temple
 40933 | Temple   | Fell from the grace of Trog
 40933 | Temple   | Became a worshipper of Makhleb the Destroyer
 41700 | Shoals:3 | Entered Level 3 of the Shoals
 41786 | Shoals:3 | Reached skill level 1 in Invocations
 41898 | Shoals:3 | Reached skill level 15 in Evocations
 41914 | Shoals:3 | Reached skill level 19 in Stealth
 41955 | Shoals:3 | Reached * piety under Makhleb
 42283 | Shoals:3 | Found the +7 Kryia's mail coat {PotionHeal*2 rC+ RMsl}
 42321 | Shoals:3 | Identified the +5 hand crossbow of Enups {freeze, rPois
                  | Dex+4}
 42520 | Shoals:3 | Noticed a juggernaut
 42682 | Shoals:3 | Killed a juggernaut
 42686 | Shoals:3 | Reached ** piety under Makhleb
 43040 | Shoals:3 | Identified Vehumet's Reference Book on Attacks
 43089 | Shoals:3 | Got a barnacled rune of Zot
 43407 | Shoals:3 | Paralysed by Trog for 3 turns
 44427 | Snake:3  | Learned a level 3 spell: Portal Projectile
 44708 | Vaults:1 | Entered Level 1 of the Vaults
 44875 | Vaults:1 | Reached skill level 20 in Stealth
 44882 | Vaults:1 | Reached skill level 1 in Translocations
 44882 | Vaults:1 | Reached skill level 5 in Invocations
 44915 | Vaults:1 | Reached skill level 1 in Spellcasting
 44970 | Vaults:1 | Noticed a juggernaut
 44989 | Vaults:1 | Mangled by a juggernaut

Skill      XL: |  1  2  3  4  5  6  7  8  9 10 11 12 13 14 15 16 17 18 19 20 21 |
---------------+----------------------------------------------------------------+-----
Dodging        | 3 4 5 7 9 11 12 13 15 | 15.6
Fighting       | 4 6 8 10 11 12 14 | 14.5
Short Blades   | 5 6 9 11 12 14 15 17 | 17.6
Armour         | 5 7 9 10 | 10.0
Shields        | 8 10 12 13 16 | 16.2
Stealth        | 8 11 13 16 20 | 20.0
Evocations     | 7 10 11 12 13 16 | 16.0
Crossbows      | 11 16 | 16.0
Invocations    | 5 |  5.2
Translocations | 1 |  1.8
Spellcasting   | 1 |  1.5

Action                   |  1- 3 |  4- 6 |  7- 9 | 10-12 | 13-15 | 16-18 | 19-21 || total
-------------------------+-------+-------+-------+-------+-------+-------+-------++-------
Melee: Short sword       |    69 |   145 |   305 |    73 |       |    16 |       ||   608
       Kick              |    20 |    22 |       |       |       |       |       ||    42
       Dagger            |       |       |       |   754 |   541 |       |       ||  1295
       Rapier            |       |       |       |       |   677 |   803 |       ||  1480
       Quick blade       |       |       |       |       |       |   604 |  2632 ||  3236
 Fire: Hand crossbow     |       |       |       |       |       |       |   104 ||   104
Throw: Tomahawk          |       |       |     1 |       |       |       |       ||     1
Invok: Berserk           |       |     4 |    10 |    11 |    10 |    10 |     4 ||    49
       Trog's Hand       |       |       |       |     2 |     1 |     3 |     1 ||     7
       Brothers in Arms  |       |       |       |       |       |     2 |     1 ||     3
 Abil: Evoke Flight      |       |       |       |       |       |       |     1 ||     1
  Use: Potion            |       |     1 |       |       |     1 |     6 |     2 ||    10
       Scroll            |       |       |       |       |    23 |     9 |     8 ||    40
 Stab: Sleeping          |       |       |       |     2 |    29 |    49 |    11 ||    91
       Distracted        |       |       |       |       |     4 |     7 |    13 ||    24
  Eat: Chunk             |     9 |    11 |    21 |    38 |    61 |    31 |    83 ||   254
       Ration            |       |       |       |     1 |       |    11 |       ||    12
Armor: Animal skin       |     7 |    10 |       |       |       |       |       ||    17
       Ring mail         |       |    15 |    44 |    67 |       |       |       ||   126
       Leather armour    |       |       |       |    18 |    93 |       |       ||   111
       Scale mail        |       |       |       |       |   106 |   175 |   350 ||   631
Dodge: Dodged            |    47 |    72 |   162 |   516 |   595 |   540 |  1002 ||  2934
Block: Other             |       |       |       |     8 |     6 |       |     1 ||    15
       Medium shield     |       |       |       |       |   786 |   935 |  1545 ||  3266
       Reflection        |       |       |       |       |    23 |   156 |   130 ||   309
